 Dungeon Crawl Stone Soup version 0.30-a0-739-gea05faddec (webtiles) character file.

Game seed: 15078273499730177328

3651 Angani the Slicer (level 10, -4/93 HPs)
             Began as a Meteoran Wanderer on Feb 5, 2023.
             Slain by a centaur
             ... wielding a +0 halberd
              (8 damage)
             ... in a bailey.
             The game lasted 00:16:09 (3474 turns).

Angani the Slicer (Meteoran Wanderer)               Turns: 3474, Time: 00:16:10

Health: -4/93      AC: 16    Str: 14    XL:     10   Next: 59%
Magic:  13/13      EV: 16    Int: 11    God:
Gold:   253        SH:  4    Dex: 21    Spells: 11/11 levels left

rFire   . . .      SeeInvis .    f - +0 short sword (venom)
rCold   . . .      Faith    .    (no shield)
rNeg    . . .      Spirit   .    h - +3 troll leather armour {Pargi}
rPois   .          Reflect  .    n - +0 helmet
rElec   .          Harm     .    (no cloak)
rCorr   .          Rampage  .    (no gloves)
Will    +....      Rage     3%   b - +0 pair of boots
Stlth   +                        m - amulet of magic regeneration
HPRegen 1.15/turn                q - +4 ring of protection
MPRegen 0.53/turn                (no ring)

@: glowing
A: sense surroundings 2, otherworldly, glowing, explore regen, iridescent scales
1, large bone plates 1, berserk 1, subdued magic 1
a: no special abilities


You were in a bailey.
You visited 2 branches of the dungeon, and saw 8 of its levels.
You also visited: Bailey.

You collected 253 gold pieces.

Inventory:

Hand Weapons
 a - a +0 short sword
 f - a +0 short sword of venom (weapon)
Armour
 b - a +0 pair of boots (worn)
 d - a +0 leather armour
 h - a +3 troll leather armour (worn) {Pargi}
 n - a +0 helmet (worn)
 p - a +0 kite shield
Jewellery
 j - a ring of ice
 m - an amulet of magic regeneration (around neck)
 q - a +4 ring of protection (left hand)
Scrolls
 c - a scroll of fog
 e - a scroll of immolation
 i - 2 scrolls of teleportation
 y - a scroll of summoning {unknown}
Potions
 l - a potion of cancellation
 o - 2 potions of resistance


   Skills:
 - Level 10.0 Fighting
 - Level 10.0 Short Blades
 + Level 4.7 Armour
 + Level 7.0 Dodging
 - Level 1.3 Spellcasting
 - Level 3.6 Conjurations
 - Level 1.2 Invocations


You had 11 spell levels left.
You didn't know any spells.
Your spell library contained the following spells:

 Spells                   Type           Power      Damage    Failure   Level
 Magic Dart               Conj           24%        1d4       7%          1
 Kiss of Death            Conj/Necr      12%        2d6       16%         1
 Call Imp                 Summ           0%         N/A       45%         2
 Mephitic Cloud           Conj/Pois/Air  2%         N/A       52%         3
 Ozocubu's Armour         Ice            0%         N/A       71%         3
 Iskenderun's Mystic Bla  Conj/Tloc      3%         2d3       86%         4
 Ozocubu's Refrigeration  Ice            0%         4d7       100%        7


Dungeon Overview and Level Annotations

Branches:
Dungeon (7/15) Zot: 1582   Temple (1/1) D:4 Zot: 482  Bailey (1/1) Zot: 156

Altars:
Cheibriados
Dithmenos
Elyvilon
Fedhas
Gozag
Hepliaklqana
Kikubaaqudgha
Makhleb
Okawaru
Sif Muna
Uskayaw
Wu Jian
Xom
Yredelemnul
Zin
The Shining One

Shops:
D:1 :   D:2 (   D:6 :


Innate Abilities, Weirdness & Mutations

You passively map the area around you.
You are easily found by Zot.
You glow in the dark.
You regain HP and MP as you explore.
You are partially covered in iridescent scales. (AC +2)
You are partially covered in large bone plates. (SH +4)
You sometimes lose your temper in combat.
Your spells are a little easier to cast, but a little less powerful.


Message History

The centaur kicks you but does no damage.
You hit the centaur but do no damage.
The centaur looks as sick as possible!
The centaur is severely wounded.
The centaur hits you from afar with a +0 halberd.
* * * LOW HITPOINT WARNING * * *
You barely miss the centaur.
The centaur is severely wounded.
The centaur completely misses you.
The centaur kicks you but does no damage.
The centaur hits you with a +0 spear!
* * * LOW HITPOINT WARNING * * *
The centaur misses you. x2
Okay, then.
You aren't carrying any items that you can evoke.
Unknown command.
You kill the centaur!
The centaur throws a javelin.
The javelin misses you.
The centaur throws a javelin.
The javelin pierces through you but does no damage.
The centaur throws a javelin.
The javelin pierces through you.
* * * LOW HITPOINT WARNING * * *
You kill the centaur!
The centaur throws a javelin.
The javelin misses you.
Your Dodging skill increases to level 7!
The centaur hits you with a +0 halberd!
* * * LOW HITPOINT WARNING * * *
The centaur kicks you but does no damage.
You hit the centaur but do no damage. You block the centaur's attack.
The centaur completely misses you.
You hit the centaur but do no damage.
The centaur is poisoned.
The centaur closely misses you. The centaur misses you.
You hit the centaur but do no damage.
The centaur looks as sick as possible!
The centaur misses you.
The centaur kicks you but does no damage.
The centaur misses you.
The centaur kicks you but does no damage.
You completely miss the centaur.
The centaur is lightly wounded.
The centaur hits you with a +0 halberd!
You die...

##################
##≈≈≈≈≈≈≈≈≈≈≈≈≈≈≈≈≈≈≈#*
##≈≈≈≈≈≈≈≈≈≈≈≈≈≈≈≈≈≈≈≈≈#*
##≈≈≈≈≈≈≈≈.......≈≈≈≈≈≈≈≈#
#≈≈≈≈≈≈≈..≈≈≈≈≈≈≈..≈≈≈≈≈≈≈*
#≈≈≈≈≈..≈≈≈.....≈≈≈..≈≈≈≈≈
#≈≈≈≈.≈≈≈.........≈≈≈.≈≈≈≈
#≈≈≈≈.≈.............≈.≈≈≈≈*
#≈≈≈.≈≈.⌠.).....@.⌠.≈≈.≈≈≈
#≈≈≈.≈....).....c....≈.≈≈≈
#≈≈.≈≈)...≈≈≈≈≈≈≈..).≈≈.≈≈
#####.).≈≈≈~~~~o≈≈≈)..≈.≈≈*
'..).))≈≈≈~≈≈≈≈≈~~≈≈..≈.≈≈
)))..).≈≈≈~~[?:≈≈≈~~....≈≈
)......≈≈≈~≈≈≈≈≈~~≈≈..≈.≈≈
#####...≈≈≈~~~~~≈≈≈...≈.≈≈
#≈≈.≈≈....≈≈≈≈≈≈≈....≈≈.≈≈


You could see an orc warrior and a centaur (extremely poisoned).

Vanquished Creatures
  Grinder (D:5)
  Sigmund (D:5)
  Eustachio (D:5)
  Edmund (D:6)
  Duvessa (D:5)
  A sky beast (D:6)
  Pargi (D:3)
  12 orc warriors (Bailey)
  An ogre (D:4)
  A black bear (D:6)
  8 centaurs (Bailey)
  2 phantoms (D:5)
  A kobold brigand (D:6)
  A scorpion (D:6)
  Dowan (D:5)
  A jelly (D:5)
  2 gnoll boudas
  An orc priest (D:4)
  4 iguanas
  4 orc wizards
  3 gnolls (D:5)
  2 adders (D:6)
  A shadow imp (D:6)
  A white imp (D:6)
  3 ufetubi
  A worm (D:4)
  A dart slug (D:2)
  24 orcs
  3 bats
  10 endoplasms
  2 giant cockroaches (D:4)
  12 goblins
  6 hobgoblins
  8 jackals
  2 quokkas
  4 ball pythons
  A frilled lizard (D:2)
  13 kobolds
  4 rats (D:1)
147 creatures vanquished.

Vanquished Creatures (collateral kills)
  An orc (Bailey)
1 creature vanquished.

Vanquished Creatures (others)
  4 orcs (Bailey)
4 creatures vanquished.

Grand Total: 152 creatures vanquished

Notes
Turn   | Place    | Note
-------+----------+-------------------------------------------
     0 | D:1      | Angani the Meteoran Wanderer began the quest for the Orb.
     0 | D:1      | Angani set off with the following items: a +0 short sword,
                  | a +0 pair of boots, a scroll of fog, a +0 leather armour;
                  | and the following spells available to memorise: Magic Dart,
                  | Kiss of Death, Iskenderun's Mystic Blast.
     0 | D:1      | Reached XP level 1. HP: 14/14 MP: 3/3
    77 | D:1      | Reached XP level 2. HP: 17/22 MP: 5/5
    84 | D:1      | Found Hoam Dasu's Book Shop.
   100 | D:1      | Reached skill level 1 in Fighting
   161 | D:1      | Reached XP level 3. HP: 28/28 MP: 6/6
   381 | D:2      | Found Salesy's Weapon Boutique.
   799 | D:3      | Found a shadowy altar of Dithmenos.
   917 | D:3      | Reached XP level 4. HP: 35/36 MP: 7/7
  1014 | D:3      | Noticed Pargi
  1031 | D:3      | Killed Pargi
  1032 | D:3      | Reached XP level 5. HP: 32/45 MP: 8/8
  1147 | D:4      | Reached XP level 6. HP: 50/52 MP: 9/9
  1375 | D:4      | Found a staircase to the Ecumenical Temple.
  1384 | Temple   | Entered the Ecumenical Temple
  1520 | D:4      | Noticed an ogre
  1564 | D:4      | HP: 2/52 [ogre/+0 giant club (30)]
  1567 | D:4      | Killed an ogre
  1574 | D:4      | Reached skill level 5 in Short Blades
  1574 | D:4      | Reached XP level 7. HP: 21/60 MP: 10/10
  1660 | D:4      | Reached skill level 5 in Fighting
  1849 | D:5      | Entered Level 5 of the Dungeon
  1884 | D:5      | Noticed Sigmund
  1898 | D:5      | Killed Sigmund
  1952 | D:5      | Found an iron altar of Okawaru.
  1967 | D:5      | Reached XP level 8. HP: 70/70 MP: 11/11
  2095 | D:5      | Noticed Eustachio
  2115 | D:5      | Killed Eustachio
  2143 | D:5      | Noticed Grinder
  2146 | D:5      | Paralysed by Grinder for 5 turns
  2166 | D:5      | Killed Grinder
  2268 | D:5      | Gained mutation: You passively map the area around you.
                  | [Meteoran growth]
  2268 | D:5      | Reached XP level 9. HP: 79/79 MP: 12/12
  2300 | D:5      | Noticed Dowan
  2301 | D:5      | Noticed Duvessa
  2320 | D:5      | Killed Duvessa
  2343 | D:5      | Killed Dowan
  2365 | D:5      | Found a glowing golden altar of the Shining One.
  2365 | D:5      | Found a shimmering altar of Xom.
  2407 | D:5      | Found a shimmering blue altar of Sif Muna.
  2488 | D:6      | Noticed Edmund
  2508 | D:6      | Killed Edmund
  2558 | D:6      | Found Rulackuz's Book Emporium.
  2874 | D:7      | Found a flagged portal.
  2891 | Bailey   | Entered a bailey
  3093 | Bailey   | Reached XP level 10. HP: 52/91 MP: 13/13
  3254 | Bailey   | Reached skill level 10 in Fighting
  3254 | Bailey   | Reached skill level 10 in Short Blades
  3257 | Bailey   | Gained mutation: You sometimes lose your temper in combat.
                  | [potion of mutation]
  3257 | Bailey   | Gained mutation: Your spells are a little easier to cast,
                  | but a little less powerful. [potion of mutation]
  3257 | Bailey   | Gained mutation: You are partially covered in large bone
                  | plates. (SH +4) [potion of mutation]
  3257 | Bailey   | Gained mutation: You are partially covered in iridescent
                  | scales. (AC +2) [potion of mutation]
  3278 | Bailey   | Reached skill level 1 in Armour
  3278 | Bailey   | Reached skill level 5 in Dodging
  3465 | Bailey   | HP: 3/93 [centaur/javelin (6)]
  3469 | Bailey   | HP: 1/93 [centaur/+0 halberd (7)]
  3474 | Bailey   | Slain by a centaur

Illustrated notes

Levels and vault maps discovered:
D:1:      psy_arrival_statuary, layout_basic, serial_shops, shop
D:2:      layout_basic, serial_shops, nicolae_square_shop
D:3:      kennysheep_the_goblin_king, layout_basic,
          nicolae_dithmenos_shadow_blocks, corexii_shack, st_stairs_3,
          uniq_pargi
D:4:      layout_basic, minmay_temple_entry_poolview, minmay_cupped
D:5:      layout_basic, kennysheep_okawaru_gauntlet,
          gammafunk_temple_overflow_elements, kennysheep_mini_moat, uniq_ijyb,
          uniq_grinder, uniq_sigmund, uniq_duvessa, uniq_eustachio
D:6:      layout_cave_pools, serial_shops, shop, uniq_edmund
D:7:      layout_loops_corners, enter_bailey_3
Temple:   minmay_temple_curvy_loop
Bailey:   bailey_polearm_flooded_kennysheep, bailey

Skill      XL: |  1  2  3  4  5  6  7  8  9 10 |
---------------+-------------------------------+-----
Fighting       | 1 2 3 4 5 7 9 10 | 10.0
Short Blades   | 2 3 4 5 6 7 9 10 | 10.0
Armour         | 4 |  4.7
Dodging        | 7 |  7.0
Spellcasting   | |  1.3
Conjurations   | |  3.6
Invocations    | |  1.2

Action                     |  1- 3 |  4- 6 |  7- 9 | 10-12 || total
---------------------------+-------+-------+-------+-------++-------
  Melee: Short sword       |    89 |    80 |   463 |   163 ||   795
         Punch             |     2 |     1 |    11 |     5 ||    19
  Throw: Javelin           |       |     3 |       |       ||     3
         Throwing net      |       |       |     1 |     1 ||     2
  Evoke: Wand              |       |       |     9 |       ||     9
    Use: Potion            |       |     4 |     1 |     8 ||    13
         Scroll            |       |     5 |     6 |       ||    11
   Stab: Held in net/web   |       |       |     1 |     2 ||     3
 Armour: Leather armour    |    29 |     9 |       |       ||    38
         Troll leather arm |       |    19 |   202 |    74 ||   295
  Dodge: Dodged            |    52 |    52 |   255 |   127 ||   486
  Block: Other             |       |       |       |    21 ||    21

Table legend: (Time is in decaauts)
 A = Elapsed time spent in this place.
 B = Non-inter-level travel time spent in this place.
 C = Inter-level travel time spent in this place.
 D = Time resting spent in this place.
 E = Time spent auto-exploring this place.
 F = Levels seen in this place.
 G = Mean time per level.
                   A        B        C        D        E       F      G
               +--------+--------+--------+--------+--------+-----+--------+
         Total |   3178 |   2839 |    339 |      0 |      0 |   9 |  353.1 |
       Dungeon |   2617 |   2310 |    307 |      0 |      0 |   7 |  373.9 |
        Temple |    117 |     85 |     32 |      0 |      0 |   1 |  117.0 |
        Bailey |    443 |    443 |      0 |      0 |      0 |   1 |  443.0 |
               +--------+--------+--------+--------+--------+-----+--------+

Top non-repeatable levels by time:
     D:5: 577 daAuts
     D:4: 565 daAuts
     D:2: 503 daAuts
  Bailey: 443 daAuts
     D:3: 350 daAuts
     D:6: 308 daAuts
     D:1: 270 daAuts
  Temple: 117 daAuts
     D:7: 40 daAuts
